 Dungeon Crawl Stone Soup version 0.18-a0-1147-g8e8348b (webtiles) character file.

190 Ijustatesigmund the Agent of Entropy (level 5, -3/42 HPs)
             Began as a Demonspawn Abyssal Knight on Jan 22, 2016.
             Was a Priest of Lugonu.
             Slain by Crazy Yiuf
             ... wielding a +3 quarterstaff of chaos
              (10 damage)
             ... on level 3 of the Dungeon.
             The game lasted 00:06:51 (3277 turns).

Ijustatesigmund the Agent of Entropy (DsAK)         Turns: 3277, Time: 00:06:51

Health: -3/42      AC:  7    Str: 14    XL:     5   Next: 41%
Magic:  8/8        EV: 10    Int: 13    God:    Lugonu [***...]
Gold:   154        SH:  0    Dex: 14    Spells: 0 memorised, 4 levels left

rFire  . . .     SeeInvis .     b - +0 flail (curse)
rCold  . . .     Gourm    .     i - +1 ring mail
rNeg   . . .     Faith    .     (no shield)
rPois  .         Spirit   .     n - +0 helmet
rElec  .         Dismiss  .     (no cloak)
rCorr  .         Reflect  .     (no gloves)
SustAt .         Harm     .     (no boots)
MR     .....                    (no amulet)
Stlth  +.........               (no ring)
                                (no ring)

@: not resistant to hostile enchantments, very unstealthy
A: hooves 1, thin skeletal structure 1
a: Depart the Abyss, Bend Space, Banish, Renounce Religion


You were on level 3 of the Dungeon.
You worshipped Lugonu.
Lugonu was most pleased with you.
You were not hungry.

You visited 1 branch of the dungeon, and saw 3 of its levels.
You visited the Abyss 1 time.

You collected 154 gold pieces.

Inventory:

Hand Weapons
 b - a cursed +0 flail (weapon)
Armour
 i - a +1 ring mail (worn)
 n - a +0 helmet (worn)
Jewellery
 a - an uncursed ring of protection from fire {unknown}
Wands
 h - a wand of draining (7/15)
 j - a wand of magic darts (25/48)
Scrolls
 d - 3 scrolls of identify
 e - 4 scrolls of remove curse
 f - a scroll of enchant armour
 g - 2 scrolls of teleportation
 k - a scroll of fog
 l - a scroll of amnesia
Comestibles
 c - 2 bread rations
 m - a chunk of flesh


   Skills:
 + Level 4.0 Fighting
 * Level 3.9 Maces & Flails
 - Level 1.7 Armour
 - Level 0.8 Dodging
 + Level 4.2 Invocations


You had 4 spell levels left.
You didn't know any spells.

Dungeon Overview and Level Annotations

Branches:
Dungeon (3/15)

Altars:
Nemelex Xobeh

Annotations:
D:3 Crazy Yiuf


Innate Abilities, Weirdness & Mutations

You have large cloven feet.
You have a somewhat thin skeletal structure (Dex +2, Stealth).


Message History

You barely miss Crazy Yiuf. You kick Crazy Yiuf, but do no damage.
Crazy Yiuf is lightly wounded.
Crazy Yiuf hits you with a quarterstaff of chaos.
Crazy Yiuf freezes you. Crazy Yiuf hits you but does no damage.
You closely miss Crazy Yiuf. Your kick misses Crazy Yiuf.
Crazy Yiuf is lightly wounded.
Crazy Yiuf hits you with a quarterstaff of chaos.
You hit Crazy Yiuf but do no damage. Your kick misses Crazy Yiuf.
Crazy Yiuf is lightly wounded.
Crazy Yiuf hits you with a quarterstaff of chaos!
You hit Crazy Yiuf. You kick Crazy Yiuf, but do no damage.
Crazy Yiuf is moderately wounded.
Crazy Yiuf flaps his cloak.
Crazy Yiuf drinks a potion.
Crazy Yiuf seems to grow stronger.
You closely miss Crazy Yiuf.
Crazy Yiuf is moderately wounded.
Crazy Yiuf hits you with a quarterstaff of chaos!
* * * LOW HITPOINT WARNING * * *
You are electrocuted!
You die...

#....# ##.### #.#
### ##### #...##
♣♣♣♣♣####..... ####
♣♣♣.♣..#.#....##
#...#♣..♣.......#.##
#..g@.♣♣♣♣......#.#
#)..#♣♣ ♣♣.#..##.#
#### ♣♣#####.# #.#
#.# #.# #.#


You could see Crazy Yiuf.

Vanquished Creatures
  A worker ant (D:3)
  5 adders
  4 gnolls (D:2)
  An ooze (D:1)
  A worm (D:3)
  3 giant geckos (D:2)
  An orc (D:3)
  5 giant cockroaches
  10 goblins
  6 hobgoblins
  3 jackals (D:1)
  9 kobolds
  A quokka (D:3)
  5 bats
  6 giant newts
  4 rats
65 creatures vanquished.

Vanquished Creatures (others)
  An adder (D:3)
1 creature vanquished.

Grand Total: 66 creatures vanquished

Notes
Turn   | Place    | Note
--------------------------------------------------------------
     0 | Abyss:1  | Ijustatesigmund the Demonspawn Abyssal Knight began the quest for the Orb.
     0 | Abyss:1  | Reached XP level 1. HP: 18/18 MP: 2/2
    26 | D:1      | Escaped the Abyss
   512 | D:1      | Gained mutation: You have a somewhat thin skeletal structure (Dex +2, Stealth). [demonic ancestry]
   512 | D:1      | Reached XP level 2. HP: 14/24 MP: 3/3
   983 | D:1      | Reached ** piety under Lugonu
  1138 | D:1      | Gained mutation: You have large cloven feet. [demonic ancestry]
  1138 | D:1      | Reached XP level 3. HP: 20/29 MP: 5/5
  1782 | D:2      | Found a sparkling altar of Nemelex Xobeh.
  1882 | D:2      | Reached XP level 4. HP: 26/35 MP: 6/6
  2314 | D:2      | Reached skill level 4 in Invocations
  2518 | D:3      | Reached *** piety under Lugonu
  2518 | D:3      | Reached XP level 5. HP: 15/42 MP: 8/8
  3268 | D:3      | Noticed Crazy Yiuf
  3277 | D:3      | Slain by Crazy Yiuf

Vault maps used:
D:1:      lemuel_arrival_broad_hall, grunt_decor_one_mirror
D:2:      marbit_many_paths
D:3:      amalloy_card_club, uniq_crazy_yiuf_cottage

Action                   |  1- 3 |  4- 6 || total
-------------------------+-------+-------++-------
Melee: Mace              |   122 |       ||   122
       Flail             |    33 |   119 ||   152
Invok: Banish            |       |     1 ||     1
  Use: Scroll            |     8 |     1 ||     9
       Potion            |     1 |     1 ||     2
 Stab: Sleeping          |     2 |     1 ||     3
  Eat: Chunk             |     3 |     5 ||     8
